 Dungeon Crawl Stone Soup version 0.31-a0-986-g5e6e4ef867 (webtiles) character file.

Game seed: 10026776051266558484

58 Maxmaps the Covert (level 4, 0/31 HPs)
             Began as an Octopode Delver on Nov 7, 2023.
             Succumbed to a scorpion's poison
             ... on level 5 of the Dungeon.
             The game lasted 00:00:31 (125 turns).

Maxmaps the Covert (Octopode Delver)                 Turns: 125, Time: 00:00:32

Health: 0/31       AC:  1    Str: 11    XL:     4   Next: 1%
Magic:  4/4        EV: 13    Int: 14    God:
Gold:   0          SH:  0    Dex: 13    Spells: 3/3 levels left

rFire   . .          .
                       - Unarmed
rCold   . . .        (no shield)
rNeg    . . .        (helmet restricted)
rPois   .            (no amulet)
rElec   .            (no ring)
rCorr   .            (no ring)
SInv    .            (no ring)
Will    .....        (no ring)
Stlth   +++++        (no ring)
HPRegen 0.25/turn    (no ring)
MPRegen 0.09/turn    (no ring)
                     (no ring)

%: no passive effects
@: lethally poisoned (0 -> -1)
A: almost no armour, amphibious, 8 rings, camouflage 1, gelatinous body 1,
(nimble swimmer 1), tentacles
a: no special abilities


You were on level 5 of the Dungeon.
You visited 2 branches of the dungeon, and saw 2 of its levels.

Inventory:

Wands
 e - a wand of digging (3)
Scrolls
 a - a scroll of fog
 b - a scroll of revelation
 c - a scroll of fear
Potions
 d - a potion of haste


   Skills:
 - Level 3.0 Fighting
 - Level 2.0 Dodging
 + Level 8.5 Stealth
 - Level 2.0 Unarmed Combat


You had 3 spell levels left.
You didn't know any spells.
Your spell library was empty.

Dungeon Overview and Level Annotations

Branches:
Dungeon (5/15)             Temple (1/1) D:5

Altars:
Cheibriados
Elyvilon
Fedhas
Gozag
Kikubaaqudgha
Nemelex Xobeh
Okawaru
Sif Muna
Trog
Uskayaw
Vehumet
Wu Jian
Xom
Yredelemnul

Shops:
D:5 [


Innate Abilities, Weirdness & Mutations

You cannot wear most types of armour.
You are amphibious.
You can wear up to eight rings at the same time.
Your skin changes colour to match your surroundings (Stealth+).
Your rubbery body absorbs attacks. (AC +1, EV +1)
((You are camouflaged when in or above water. (Stealth+)))
You have tentacles for arms and can constrict up to eight enemies at once.


Message History

You tentacle-slap the scorpion but do no damage.
The scorpion is almost dead.
You constrict the scorpion.
The scorpion stings you but does no damage.
You tentacle-slap the scorpion but do no damage.
The scorpion is almost dead.
You constrict the scorpion, but do no damage.
The scorpion stings you!
You are lethally poisoned!
The scorpion poisons you!
You are too injured to fight recklessly!
You tentacle-slap the scorpion but do no damage.
The scorpion is almost dead.
You constrict the scorpion, but do no damage.
You feel very sick. The scorpion barely misses you.
The scorpion closely misses you.
You tentacle-slap the scorpion. You squeeze the scorpion.
You kill the scorpion!
* * * LOW HITPOINT WARNING * * *
You feel very sick.
Your Stealth skill gained 2 levels and is now at level 8!
You have reached level 2!
You have reached level 3!
Your experience leads to an increase in your attributes!
Increase (S)trength, (I)ntelligence, or (D)exterity?
You feel clever. x2
You have reached level 4!
Unknown command.
Okay, then.
* * * LOW HITPOINT WARNING * * *
You feel sick.
* * * LOW HITPOINT WARNING * * *
You feel sick.
* * * LOW HITPOINT WARNING * * *
You feel sick.
* * * LOW HITPOINT WARNING * * *
You feel sick.
* * * LOW HITPOINT WARNING * * *
You feel sick.
You die...

..
..#...............
..
#.#.#.####.####...
#. #.#.#.# #.#
#..~ #. #.#.#.#
#.# ##~§ #.
#.#.#.# #.#####~§
#.####.#.#.#
#......~§
#†.......#.#
#######.~
######.###.# #..
#@# #.# #.. #.#
##. ... #. #####
#. #.


There were no monsters in sight!

Vanquished Creatures
  A scorpion (D:5)
1 creature vanquished.

Notes
Turn   | Place    | Note
-------+----------+-------------------------------------------
     0 | D:5      | Maxmaps the Octopode Delver began the quest for the Orb.
     0 | D:5      | Reached XP level 1. HP: 16/16 MP: 1/1
    12 | D:5      | Noticed a sleepcap
    23 | D:5      | Found a staircase to the Ecumenical Temple.
    35 | Temple   | Entered the Ecumenical Temple
   105 | D:5      | Found Meomuamm's Antique Armour Emporium.
   106 | D:5      | Noticed a scorpion
   119 | D:5      | Killed a scorpion
   120 | D:5      | Reached skill level 8 in Stealth
   120 | D:5      | Reached XP level 2. HP: 4/21 MP: 2/2
   120 | D:5      | Reached XP level 3. HP: 5/26 MP: 3/3
   120 | D:5      | Reached XP level 4. HP: 6/31 MP: 4/4
   124 | D:5      | HP: 1/31 [poisoned by a scorpion]
   125 | D:5      | Succumbed to a scorpion's poison

Illustrated notes

Levels and vault maps discovered:
D:5:      layout_loops_ring, marbit_many_paths, minmay_temple_entry_mist,
          serial_shops, shop, minmay_misc_feat_secret_circle, nrook_mini_vaults
Temple:   jpeg_temple_clearing

Skill      XL: |  1 |
---------------+----+-----
Stealth        | 8 |  8.5
Fighting       | |  3.0
Dodging        | |  2.0
Unarmed Combat | |  2.0

Action                     |  1- 3 |  4- 6 || total
---------------------------+-------+-------++-------
  Melee: Unarmed           |     7 |       ||     7
         Tentacles         |     3 |       ||     3
         Constrict         |     1 |       ||     1
   Stab: Sleeping          |     1 |       ||     1
 Armour: Skin              |     4 |       ||     4
  Dodge: Dodged            |     3 |       ||     3

Table legend: (Time is in decaauts)
 A = Elapsed time spent in this place.
 B = Non-inter-level travel time spent in this place.
 C = Inter-level travel time spent in this place.
 D = Time resting spent in this place.
 E = Time spent auto-exploring this place.
 F = Levels seen in this place.
 G = Mean time per level.
                   A        B        C        D        E       F      G
               +--------+--------+--------+--------+--------+-----+--------+
         Total |    124 |     78 |     46 |      0 |     33 |   2 |   62.0 |
       Dungeon |     77 |     77 |      0 |      0 |     33 |   1 |   77.0 |
        Temple |     47 |      1 |     46 |      0 |      0 |   1 |   47.0 |
               +--------+--------+--------+--------+--------+-----+--------+

Top non-repeatable levels by time:
     D:5: 77 daAuts
  Temple: 47 daAuts
